[Event "ICC Open 2015"]
[Site "Internet Chess Club"]
[Date "2015.05.29"]
[Round "10"]
[White "HPG1947"]
[Black "MassCarnage"]
[Result "0-1"]
[ICCResult "White checkmated"]
[WhiteElo "1775"]
[BlackElo "2017"]
[Opening "Polish defense"]
[ECO "A40"]
[NIC "QO.17"]
[Time "15:51:51"]
[TimeControl "180+0"]

1. d4 b5 2. e4 a6 3. a4 b4 4. a5 Bb7 5. Bd3 Nf6 6. Qe2 e6 7. Nd2 d6 8. Ngf3
Nbd7 9. O-O Rg8 10. e5 Nd5 11. Ne4 h6 12. c4 bxc3 13. bxc3 g5 14. exd6 cxd6
15. Ba3 N7f6 16. Qc2 Nf4 17. Nxf6+ Qxf6 18. Qa4+ Kd8 19. Qb3 Kc8 20. Qc4+
Kd8 21. Qb4 Bxf3 22. Qb6+ Kd7 23. gxf3 Rc8 24. Bxa6 Nh3+ 25. Kg2 Qf4 26.
Bb5+ Ke7 27. Qb7+ Kf6 28. Qxc8 g4 29. Qd8+ Be7 30. Qxg8 Qxf3# {White
checkmated} 0-1

[Event "ICC Open 2015"]
[Site "Internet Chess Club"]
[Date "2015.05.29"]
[Round "10"]
[White "playformaximum"]
[Black "Tut"]
[Result "0-1"]
[ICCResult "White resigns"]
[WhiteElo "3036"]
[BlackElo "3218"]
[Opening "English: symmetrical variation"]
[ECO "A37"]
[NIC "EO.28"]
[Time "15:51:52"]
[TimeControl "180+0"]

1. c4 g6 2. g3 Bg7 3. Bg2 c5 4. Nc3 Nc6 5. Nf3 d6 6. O-O Bf5 7. d3 Qd7 8.
Rb1 Bh3 9. Bd2 Nf6 10. Nd5 Bxg2 11. Kxg2 O-O 12. Bc3 Nxd5 13. cxd5 Ne5 14.
Nxe5 dxe5 15. e4 e6 16. dxe6 Qxe6 17. Qe2 Rfd8 18. Rfd1 Rd7 19. b3 Rad8 20.
Rd2 Qa6 21. Rbd1 Bh6 22. Rc2 f6 23. Be1 b6 24. Rc4 Rd6 25. b4 Qxc4 26. dxc4
Rxd1 27. bxc5 bxc5 28. Ba5 R8d4 29. Bc3 R4d3 30. Qb2 Bf8 31. Ba5 Kf7 32. Qb8
Rd7 33. Qb5 h5 34. h4 Be7 35. Bc3 Bf8 36. a4 Be7 37. a5 R7d3 38. Bb2 Rb1 39.
Qb8 Rd8 40. Qxa7 Rxb2 41. a6 Rdd2 42. Kf3 Rxf2+ 43. Ke3 Rg2 44. Kf3 Rbf2+
45. Ke3 Ra2 46. Kf3 Rgc2 {White resigns} 0-1

[Event "ICC Open 2015"]
[Site "Internet Chess Club"]
[Date "2015.05.29"]
[Round "10"]
[White "Zigfrid"]
[Black "EirikG"]
[Result "1-0"]
[ICCResult "Black forfeits on time"]
[WhiteElo "3107"]
[BlackElo "2551"]
[Opening "Sicilian: Pelikan, Chelyabinsk variation"]
[ECO "B33"]
[NIC "SI.37"]
[Time "15:51:48"]
[TimeControl "180+0"]

1. e4 c5 2. Nf3 Nc6 3. d4 cxd4 4. Nxd4 Nf6 5. Nc3 e5 6. Ndb5 d6 7. Bg5 a6 8.
Na3 b5 9. Nd5 Qa5+ 10. Bd2 Qd8 11. Bd3 Nxd5 12. exd5 Nd4 13. c4 bxc4 14.
Nxc4 Be7 15. Ba5 Qd7 16. Nb6 Qb7 17. Nxa8 Qxa8 18. O-O Qxd5 19. Bc3 O-O 20.
Bxd4 Qxd4 21. Qc2 Qh4 22. Rac1 d5 23. g3 Qh3 24. Rfd1 Bg4 25. Re1 e4 26. Bf1
Qh5 27. Be2 Bb4 28. Bxg4 Qxg4 29. Qe2 Qe6 30. Red1 Rd8 31. Qe3 h5 32. Qg5
Be7 33. Qxh5 e3 34. Qe2 exf2+ 35. Qxf2 Qg4 36. Rd4 Qg5 37. Rc2 Bf6 38. Rd3
d4 39. Qf3 Re8 40. Kg2 Qe5 41. b3 Qe1 42. Rd1 Qe5 43. Rcd2 Qc5 44. Rd3 Qc2+
45. R1d2 Qc1 46. h4 Re1 47. Rd1 Qc2+ 48. R3d2 Qe4 49. Qxe4 Rxe4 50. b4 Re3
51. a4 Rb3 52. Rxd4 Bxd4 53. Rxd4 g6 54. a5 Kg7 55. g4 Kh6 56. Rc4 Kg7 57.
g5 Kf8 58. Kf2 Ke7 59. Ke2 Kd6 60. Kd2 Rb1 61. Kc2 Rh1 62. Rf4
{Black forfeits on time}
1-0

[Event "ICC Open 2015"]
[Site "Internet Chess Club"]
[Date "2015.05.29"]
[Round "10"]
[White "capatal1"]
[Black "cap78red"]
[Result "1-0"]
[ICCResult "Black checkmated"]
[WhiteElo "1476"]
[BlackElo "1334"]
[Opening "King's Indian: Torre attack"]
[ECO "A48"]
[NIC "QP.01"]
[Time "15:52:30"]
[TimeControl "180+0"]

1. d4 Nf6 2. Nf3 g6 3. Bg5 Bg7 4. Nbd2 d5 5. e3 c5 6. c3 Nbd7 7. Bd3 e5 8.
dxe5 Ne4 9. Bf4 Qe7 10. Bxe4 dxe4 11. Nxe4 Nxe5 12. Bxe5 Bxe5 13. Qc2 Bf5
14. Qa4+ Bd7 15. Qb3 Bxh2 16. Rxh2 Qxe4 17. O-O-O O-O-O 18. Rh4 Qc6 19. Ne5
Be6 20. Nxc6 Bxb3 21. Ne7+ Kc7 22. axb3 Rxd1+ 23. Kxd1 f5 24. Nd5+ Kb8 25.
c4 b5 26. Kc2 a5 27. cxb5 Rd8 28. Nc3 Kb7 29. Rxh7+ Kb6 30. Rg7 Rd6 31. f3
Re6 32. e4 fxe4 33. Nxe4 Kxb5 34. Kc3 a4 35. bxa4+ Kxa4 36. Kc4 Ka5 37. Nxc5
Rc6 38. Ra7+ Kb6 39. Rb7+ Ka5 40. Rb5# {Black checkmated} 1-0

[Event "ICC Open 2015"]
[Site "Internet Chess Club"]
[Date "2015.05.29"]
[Round "10"]
[White "Federicov"]
[Black "BlitzPawn94"]
[Result "0-1"]
[ICCResult "White forfeits on time"]
[WhiteElo "3139"]
[BlackElo "2685"]
[Opening "Sicilian: Taimanov variation"]
[ECO "B48"]
[NIC "SI.40"]
[Time "15:51:23"]
[TimeControl "180+0"]

1. e4 c5 2. Nf3 e6 3. d4 cxd4 4. Nxd4 Nc6 5. Nc3 Qc7 6. Be3 a6 7. Qd2 Nf6 8.
f4 Bb4 9. Bd3 d5 10. e5 Ne4 11. Bxe4 dxe4 12. a3 Bxc3 13. Qxc3 Bd7 14. O-O-O
Rc8 15. Nxc6 Qxc6 16. Qxc6 Bxc6 17. Bc5 Bd5 18. Bb4 b5 19. Rhe1 f5 20. exf6
gxf6 21. g4 Kf7 22. f5 h5 23. h3 hxg4 24. hxg4 Rh4 25. Bc3 Rxg4 26. Rh1 Rcg8
27. Rh6 Rg1 28. fxe6+ Kxe6 29. Rxf6+ Ke7 30. Rxa6 e3 31. Bb4+ Kf7 32. Ra7+
Kf6 33. Re7 Be6 34. Rc7 Bc4 35. b3 Be6 36. Bc3+ Kf5 37. Rc5+ Kf4 38. Rxg1
Rxg1+ 39. Kb2 Bf5 40. Rxb5 Rg2 41. Rb4+ Kf3 42. Rc4 Rxc2+ 43. Ka1 e2 44. Bb4
Ke3 45. Be1 Rd2 46. Rc3+ Bd3 47. Rc1 Rd1 48. Kb2 Ba6 49. a4 Kd3 50. Rc3+ Kd4
51. Bf2+ Ke4 52. Rc6 Bd3 53. Re6+ Kf3 54. Bh4 Rh1 55. Bg5 e1=Q 56. Rxe1 Rxe1
57. Bd2 Re2 58. Kc3 Ke4 59. b4 Rh2 60. b5 Rh1 61. Kb4 Rb1+ 62. Kc5 Rb2 63.
Bb4 Rb3 64. b6 Ba6 65. a5 Ke5 66. Bd2 Ke6 67. Bf4 Kd7 68. Bc7 Kc8 69. Bd6
Kb7 70. Kd4 Rb1 71. Bc5 Rd1+ 72. Ke5 Rc1 73. Be3 Ra1 74. Kd4 Ra4+ 75. Ke5
Rxa5+ 76. Kd6 Rb5 77. Bd4 Rb3 78. Bc5 Rc3 79. Bd4 Rc4 80. Bc5 Ra4 81. Bd4
Bc4 82. Ke5 Ra5+ {White forfeits on time} 0-1

[Event "ICC Open 2015"]
[Site "Internet Chess Club"]
[Date "2015.05.29"]
[Round "10"]
[White "blunder23"]
[Black "holderlin"]
[Result "0-1"]
[ICCResult "White forfeits on time"]
[WhiteElo "1457"]
[BlackElo "1622"]
[Opening "King's pawn opening"]
[ECO "B07"]
[NIC "VO.17"]
[Time "15:51:52"]
[TimeControl "180+0"]

1. e4 d6 2. f4 Kd7 3. Nf3 Qe8 4. Nc3 Kd8 5. d4 Nd7 6. Bc4 e6 7. O-O h6 8. d5
a6 9. dxe6 fxe6 10. f5 e5 11. Be3 Ngf6 12. Bd5 Ng4 13. Qe2 c6 14. Be6 d5 15.
Na4 b5 16. Nb6 Nxe3 17. Qxe3 Bc5 18. Bxd7 Bxe3+ 19. Kh1 Bxd7 20. Nxd7 Qxd7
21. Nxe5 Qc7 22. Ng6 Re8 23. exd5 Bg5 24. dxc6 Re2 25. Rad1+ Kc8 26. Rfe1
Rxe1+ 27. Rxe1 Qxc6 28. h4 Bf6 29. Re6 Qb7 30. Nf4 Kc7 31. Nd3 Rd8 32. Nc5
Qd5 33. Nxa6+ Kb7 34. Nb4 Qd1+ 35. Kh2 Qg4 36. Nd5 Qxh4+ 37. Kg1 Rxd5 38.
Re7+ Bxe7 39. g3 Rd1+ 40. Kg2 Qe4+ 41. Kh3 Qxf5+ 42. Kg2 Rf1 43. c4 Qf3+
{White forfeits on time}
0-1

[Event "ICC Open 2015"]
[Site "Internet Chess Club"]
[Date "2015.05.29"]
[Round "10"]
[White "elmonkey"]
[Black "Cramagica"]
[Result "1-0"]
[ICCResult "Black checkmated"]
[WhiteElo "1334"]
[BlackElo "1206"]
[Opening "Dutch with c4 & Nc3"]
[ECO "A85"]
[NIC "HD.05"]
[Time "15:52:05"]
[TimeControl "180+0"]

1. d4 f5 2. c4 Nf6 3. Nc3 e6 4. Bf4 Be7 5. e3 O-O 6. Bd3 c6 7. a4 d5 8. h3
Nbd7 9. Nf3 Ne4 10. O-O Nxc3 11. bxc3 Nf6 12. Qc2 Ne4 13. cxd5 cxd5 14. c4
Bd7 15. c5 Bc6 16. Rfb1 a6 17. Ne5 Qe8 18. f3 Nf6 19. Rb6 h6 20. Nxc6 bxc6
21. Rab1 g5 22. Be5 Kf7 23. Rb7 Kg6 24. e4 dxe4 25. fxe4 f4 26. Bxf6 Bxf6
27. e5+ Kh5 28. Qe2+ Kh4 29. Qg4# {Black checkmated} 1-0

[Event "ICC Open 2015"]
[Site "Internet Chess Club"]
[Date "2015.05.29"]
[Round "10"]
[White "slothchess"]
[Black "livis"]
[Result "0-1"]
[ICCResult "White checkmated"]
[WhiteElo "1626"]
[BlackElo "1949"]
[Opening "French: exchange variation"]
[ECO "C01"]
[NIC "FR.01"]
[Time "15:53:07"]
[TimeControl "180+0"]

1. e4 e6 2. d4 d5 3. exd5 exd5 4. Nf3 Nf6 5. Be2 Be7 6. h3 O-O 7. O-O Be6 8.
c3 c6 9. Be3 Nbd7 10. Nbd2 Re8 11. Re1 Nf8 12. Nf1 Ne4 13. N1d2 f5 14. Ne5
Ng6 15. Nxg6 hxg6 16. Nxe4 fxe4 17. f3 Bf5 18. fxe4 Bxe4 19. Bf3 Bf6 20.
Bxe4 dxe4 21. Bf4 g5 22. Bg3 Qd5 23. Re3 Re6 24. Qg4 Rae8 25. b3 b5 26. Rae1
a5 27. Qe2 b4 28. Bf2 bxc3 29. Rxc3 Bxd4 30. Bxd4 Qxd4+ 31. Qe3 Qxe3+ 32.
Rcxe3 Kf7 33. Kf2 Kg6 34. Kg3 Kf5 35. Rd1 Ke5 36. Kf2 Rf6+ 37. Ke2 Ref8 38.
Rd2 Rf2+ 39. Kd1 Rxd2+ 40. Kxd2 Kd4 41. Rg3 Rf2+ 42. Ke1 Rxa2 43. Rxg5 Kd3
44. Rxg7 c5 45. h4 e3 46. Rd7+ Ke4 47. h5 Rxg2 48. h6 Rh2 49. h7 a4 50. bxa4
c4 51. Rc7 Kd3 52. a5 Rh1# {White checkmated} 0-1

[Event "ICC Open 2015"]
[Site "Internet Chess Club"]
[Date "2015.05.29"]
[Round "10"]
[White "A4-H5"]
[Black "HaraldEskilstu"]
[Result "0-1"]
[ICCResult "White checkmated"]
[WhiteElo "1817"]
[BlackElo "2017"]
[Opening "Dutch, Krejcik gambit"]
[ECO "A80"]
[NIC "HD.12"]
[Time "15:51:50"]
[TimeControl "180+0"]

1. d4 f5 2. g4 fxg4 3. h3 g3 4. fxg3 d5 5. Bg2 Bf5 6. c4 dxc4 7. e4 Bg6 8.
Nc3 e6 9. Qa4+ Nc6 10. Qxc4 Qxd4 11. Qxe6+ Be7 12. Nge2 Qd6 13. Qxd6 Bxd6
14. Nb5 Nf6 15. Nxd6+ cxd6 16. Bf4 Ne5 17. Bxe5 dxe5 18. Nc3 O-O 19. O-O
Rad8 20. Kh2 Rd2 21. Rab1 Nxe4 22. Rfd1 Rff2 23. Rxd2 Rxd2 24. Re1 Nxc3 25.
bxc3 e4 26. Kg1 Rxa2 27. Bxe4 Bxe4 28. Rxe4 Rb2 29. Ra4 a6 30. Kf1 h6 31. h4
Kh7 32. Ke1 Rg2 33. g4 b5 34. Rb4 a5 35. Rd4 a4 36. Rb4 a3 37. Rxb5 a2 38.
Ra5 a1=Q+ 39. Rxa1 Rg1+ 40. Kd2 Rxa1 41. c4 Rg1 42. Kd3 Rxg4 43. c5 Rxh4 44.
c6 Rh5 45. Kd4 Rh1 46. Kd5 Rd1+ 47. Ke6 Rc1 48. Kd7 h5 49. c7 h4 50. c8=Q
Rxc8 51. Kxc8 h3 52. Kd7 h2 53. Ke6 h1=Q 54. Kf7 Qg2 55. Ke6 g5 56. Kf5 g4
57. Kf4 g3 58. Kg4 Qf2 59. Kh3 g2 60. Kg4 g1=Q+ 61. Kh5 Qfh2# {White
checkmated} 0-1

[Event "ICC Open 2015"]
[Site "Internet Chess Club"]
[Date "2015.05.29"]
[Round "10"]
[White "PADILLON2189"]
[Black "Ancient"]
[Result "0-1"]
[ICCResult "White forfeits on time"]
[WhiteElo "2036"]
[BlackElo "2041"]
[Opening "QGD: Orthodox defense, Rubinstein variation"]
[ECO "D61"]
[NIC "QO.12"]
[Time "15:51:45"]
[TimeControl "180+0"]

1. d4 e6 2. c4 d5 3. Nf3 Nf6 4. Nc3 Nbd7 5. Bg5 Be7 6. e3 O-O 7. Qc2 Re8 8.
a3 a6 9. cxd5 exd5 10. Bd3 c6 11. O-O Nf8 12. b4 Ng6 13. Rfc1 Bd6 14. Rab1
h6 15. Bxf6 Qxf6 16. Na4 Bg4 17. Nd2 Nh4 18. Nf1 Bh3 19. Ng3 Nxg2 20. Bf5
Bxg3 21. Bxh3 Nxe3 22. fxe3 Bh4 23. Bg2 Rxe3 24. Nc5 Rae8 25. Rf1 Qe7 26.
Qf5 Bf6 27. Nd7 Bxd4 28. Kh1 g6 29. Qg4 Kg7 30. Qxd4+ Re5 31. Nxe5 Qxe5 32.
Qxe5+ Rxe5 33. Rf2 f5 34. a4 d4 35. b5 axb5 36. axb5 cxb5 37. Bxb7 d3 38.
Ba6 Re2 {White forfeits on time} 0-1

[Event "ICC Open 2015"]
[Site "Internet Chess Club"]
[Date "2015.05.29"]
[Round "10"]
[White "maly"]
[Black "Meditator"]
[Result "1/2-1/2"]
[ICCResult "Game drawn by mutual agreement"]
[WhiteElo "2645"]
[BlackElo "2294"]
[Opening "Benoni: Nimzovich (knight's tour) variation"]
[ECO "A64"]
[NIC "BI.27"]
[Time "15:51:53"]
[TimeControl "180+0"]

1. d4 Nf6 2. c4 c5 3. d5 e6 4. Nc3 exd5 5. cxd5 d6 6. Nf3 g6 7. Nd2 a6 8. a4
Bg7 9. g3 O-O 10. Bg2 Nbd7 11. O-O Rb8 12. a5 b5 13. axb6 Nxb6 14. Nb3 Nc4
15. Qc2 Re8 16. Ra4 Ne5 17. Na5 Bd7 18. Nc6 Qb6 19. Nxb8 Bxa4 20. Nxa4 Qxb8
21. b3 Rc8 22. Nb2 h5 23. Nc4 Nxc4 24. bxc4 h4 25. Bf4 hxg3 26. hxg3 Nd7 27.
Rb1 Qc7 28. Qa4 a5 29. Qc6 Ne5 30. Qb5 Ra8 31. Qa4 Qe7 32. Rb5 g5 33. Bxe5
Qxe5 34. Rxa5 Rxa5 35. Qxa5 Qxe2 36. Qd8+ Bf8 37. Qxg5+ Bg7 38. Qd8+ Bf8 39.
Bf1 Qe5 40. Kg2 Kg7 41. Qh4 Be7 42. Qg4+ Qg5 43. Qe4 Bf6 44. Bd3 Qh5 45. Qe3
Qg5 46. f4 Qh5 47. Be2 Qh7 48. Bf3 Bd4 49. Qe2 Qb1 50. Be4 Qg1+ 51. Kh3 Qe3
52. Qg4+ Kf8 53. Qf5 Qg1 54. Kg4 Qd1+ 55. Kg5 Qe1 56. Qc8+ Kg7 57. Bf3 Qxg3+
58. Qg4 Bf6+ 59. Kf5+ Qxg4+ 60. Bxg4 Bd4 61. Bf3 Kf8 62. Be4
{Game drawn by mutual agreement}
1/2-1/2

[Event "ICC Open 2015"]
[Site "Internet Chess Club"]
[Date "2015.05.29"]
[Round "10"]
[White "Kyekerz"]
[Black "Blondicheck"]
[Result "0-1"]
[ICCResult "White forfeits on time"]
[WhiteElo "1250"]
[BlackElo "1524"]
[Opening "Ruy Lopez: open (Tarrasch) defense"]
[ECO "C80"]
[NIC "RL.27"]
[Time "15:52:46"]
[TimeControl "180+0"]

1. e4 e5 2. Nf3 Nc6 3. Bb5 a6 4. Ba4 Nf6 5. O-O Nxe4 6. Re1 Nc5 7. Bxc6 dxc6
8. Rxe5+ Be6 9. d4 Nd7 10. Re2 Bd6 11. Bg5 Be7 12. h4 O-O 13. Qd2 Bxg5 14.
Nxg5 Bg4 15. Re3 h6 16. Rg3 Nf6 17. Nf3 Ne4 18. Rxg4 Nxd2 19. Nbxd2 Qd7 20.
Rg3 f6 21. Re1 Rfe8 22. Ne4 Rf8 23. c3 Rae8 24. Nfd2 f5 25. Nc5 Rxe1+
{White forfeits on time}
0-1

[Event "ICC Open 2015"]
[Site "Internet Chess Club"]
[Date "2015.05.29"]
[Round "10"]
[White "Rinazina46"]
[Black "plagis"]
[Result "0-1"]
[ICCResult "White resigns"]
[WhiteElo "1879"]
[BlackElo "2069"]
[Opening "French: advance, Euwe variation"]
[ECO "C02"]
[NIC "FR.03"]
[Time "15:52:16"]
[TimeControl "180+0"]

1. e4 e6 2. d4 d5 3. e5 c5 4. c3 Nc6 5. Nf3 Bd7 6. Bd3 Rc8 7. a3 a6 8. O-O
b5 9. Be3 Nh6 10. Ng5 Qb6 11. Nxh7 Be7 12. dxc5 Bxc5 13. Bxh6 gxh6 14. Nf6+
Ke7 15. Qh5 Qc7 16. Nxd7 Qxd7 17. Nd2 Rcg8 18. Nb3 Bb6 19. Rae1 Rg5 20. Qh4
Ke8 21. Nd4 Nxe5 22. f4 Nxd3 23. fxg5 Nxe1 24. Rxe1 Qe7 25. Kh1 Qxg5 26. Qh3
Bxd4 27. cxd4 Rg8 28. Rf1 Rg6 29. Qf3 f6 30. g3 Qd2 31. Rf2 Qxd4 32. Re2 e5
33. Qf5 Qd1+ 34. Kg2 Qxe2+ 35. Kg1 Qe3+ 36. Kg2 Qe4+ {White resigns} 0-1

[Event "ICC Open 2015"]
[Site "Internet Chess Club"]
[Date "2015.05.29"]
[Round "10"]
[White "jensak"]
[Black "paraguayo"]
[Result "1-0"]
[ICCResult "Black checkmated"]
[WhiteElo "1637"]
[BlackElo "1753"]
[Opening "Robatsch defense: Geller's system"]
[ECO "B07"]
[NIC "VO.17"]
[Time "15:51:52"]
[TimeControl "180+0"]

1. e4 d6 2. d4 g6 3. c3 Bg7 4. Nf3 Nd7 5. Be2 e5 6. h3 Ngf6 7. Qc2 O-O 8.
O-O Re8 9. Be3 exd4 10. Bxd4 Nxe4 11. Bxg7 Kxg7 12. Bd3 Nef6 13. Nbd2 Nc5
14. Bc4 Bf5 15. Qd1 a6 16. Nd4 Bd3 17. Bxd3 Nxd3 18. Qc2 Nf4 19. N2f3 c5 20.
Nb3 Ne4 21. Rfe1 f5 22. Rad1 Qf6 23. Nbd2 Nxd2 24. Qxd2 Rxe1+ 25. Rxe1 Nh5
26. Qd5 Nf4 27. Qxb7+ Kh6 28. Qxa8 Nd3 29. Re2 Nf4 30. Rd2 g5 31. Qc6 Kg7
32. Rxd6 Qe5 33. Qc7+ Kf8 34. Rd8+ Qe8 35. Rxe8+ Kxe8 36. Nxg5 Ne2+ 37. Kf1
Nf4 38. Qc6+ Ke7 39. Qc7+ Kf6 40. Qxf4 h6 41. Ne4+ Kg6 42. Nxc5 h5 43. Qe5
Kg5 44. f4+ Kg6 45. Kf2 h4 46. Kf3 a5 47. Qe6+ Kg7 48. Nd7 a4 49. Qf6+ Kg8
50. Qg6+ Kh8 51. Ke3 a3 52. Ne5 axb2 53. Nf7# {Black checkmated} 1-0

[Event "ICC Open 2015"]
[Site "Internet Chess Club"]
[Date "2015.05.29"]
[Round "10"]
[White "TheGreatFair"]
[Black "FHNA"]
[Result "1-0"]
[ICCResult "Black checkmated"]
[WhiteElo "2182"]
[BlackElo "2551"]
[Opening "French: Tarrasch, closed variation"]
[ECO "C05"]
[NIC "FR.17"]
[Time "15:52:00"]
[TimeControl "180+0"]

1. e4 e6 2. d4 d5 3. Nd2 Nf6 4. e5 Nfd7 5. Bd3 c5 6. c3 Nc6 7. Ngf3 cxd4 8.
cxd4 Qb6 9. O-O g6 10. Re1 Bg7 11. Nb3 O-O 12. Be3 f6 13. Rc1 fxe5 14. Nxe5
Ndxe5 15. dxe5 Qd8 16. f4 Bd7 17. Nc5 b6 18. Nxd7 Qxd7 19. Bb5 Rfc8 20. Qa4
Qf7 21. Bxc6 Rab8 22. Bb5 Bh6 23. Rxc8+ Rxc8 24. Rc1 Rxc1+ 25. Bxc1 Qc7 26.
Be3 Bf8 27. Bc6 g5 28. g3 gxf4 29. Bxf4 Qf7 30. Qc2 Qh5 31. Bd7 Kf7 32. Qd3
Bc5+ 33. Kg2 Ke7 34. Ba4 Kf7 35. Bc2 Kg7 36. a3 Be7 37. b4 Bf8 38. Bd1 Qf7
39. Qc2 Kg8 40. Bg4 h5 41. Bh3 h4 42. Qc6 Kh8 43. Bxe6 Qh5 44. Qxd5 hxg3 45.
Bxg3 Qe2+ 46. Kg1 Bh6 47. Qd8+ Kh7 48. Qe7+ Kg6 49. Qf7+ Kg5 50. Qf5#
{Black checkmated}
1-0

[Event "ICC Open 2015"]
[Site "Internet Chess Club"]
[Date "2015.05.29"]
[Round "10"]
[White "Piranha"]
[Black "balion"]
[Result "1-0"]
[ICCResult "Black forfeits on time"]
[WhiteElo "1811"]
[BlackElo "1584"]
[Opening "Vienna game"]
[ECO "C25"]
[NIC "VG.04"]
[Time "15:52:30"]
[TimeControl "180+0"]

1. e4 e5 2. Nc3 d6 3. Bc4 Be7 4. d3 Nf6 5. f4 exf4 6. Bxf4 O-O 7. Nf3 Bg4 8.
h3 Bh5 9. g4 Bg6 10. Qe2 c6 11. O-O-O d5 12. Bb3 d4 13. Nb1 c5 14. Nbd2 a5
15. a4 Nc6 16. Nc4 Nd7 17. h4 h6 18. g5 h5 19. Nfe5 Ndxe5 20. Nxe5 Bd6 21.
Nxc6 Bxf4+ 22. Kb1 bxc6 23. Rdf1 Be3 24. Bc4 Rb8 25. b3 Kh8 26. Rf5 Bxf5 27.
exf5 g6 28. Bxf7 Rxf7 29. fxg6 Rg7 30. Qxh5+ Kg8 31. Rf1 Qd5 32. Rf7 Rb7 33.
Qf3 Qxf3 34. Rxf3 Rxg6 35. Rf5 Rf7 36. Rxf7 Kxf7 37. Kb2 Bxg5 38. hxg5 Rxg5
39. b4 Rg2 40. bxa5 Rg8 41. a6 Ra8 42. Kb3 Rxa6 43. Kc4 Rxa4+ 44. Kb3
{Black forfeits on time}
1-0

[Event "ICC Open 2015"]
[Site "Internet Chess Club"]
[Date "2015.05.29"]
[Round "10"]
[White "iragefree"]
[Black "Berke"]
[Result "1-0"]
[ICCResult "Black checkmated"]
[WhiteElo "1836"]
[BlackElo "1486"]
[Opening "Benkö gambit"]
[ECO "A57"]
[NIC "BI.46"]
[Time "15:52:45"]
[TimeControl "180+0"]

1. d4 Nf6 2. c4 c5 3. d5 b5 4. Nf3 bxc4 5. Nc3 d6 6. e4 g6 7. Bxc4 Nbd7 8.
O-O Bg7 9. Qe2 O-O 10. Rd1 a5 11. h3 Nb6 12. Bd3 Bd7 13. a4 Qc8 14. Ra3 c4
15. Bb1 Bxh3 16. gxh3 Qxh3 17. Ng5 Qh4 18. Nb5 Ng4 19. Rh3 Qxf2+ 20. Qxf2
Nxf2 21. Kxf2 h6 22. Nf3 Kh7 23. Ng5+ Kg8 24. Nf3 Kh7 25. Nbd4 Rfc8 26. Nc6
c3 27. bxc3 Nc4 28. Ng5+ Kg8 29. Nf3 Rc7 30. Bxh6 Bxc3 31. Rc1 Bb4 32. Rxc4
Bc5+ 33. Be3 Bxe3+ 34. Kxe3 Re8 35. Nfd4 e5 36. Nb5 Rd7 37. Bd3 f5 38. exf5
gxf5 39. Bxf5 Rf7 40. Be6 Rxe6 41. dxe6 Rg7 42. Rch4 Rg3+ 43. Rxg3+ Kf8 44.
Rh8# {Black checkmated} 1-0

[Event "ICC Open 2015"]
[Site "Internet Chess Club"]
[Date "2015.05.29"]
[Round "10"]
[White "perronegro"]
[Black "BigSerge"]
[Result "1-0"]
[ICCResult "Black forfeits on time"]
[WhiteElo "1627"]
[BlackElo "1944"]
[Opening "KGA: Abbazia defense (classical defense, modern defense[!])"]
[ECO "C36"]
[NIC "KG.02"]
[Time "15:52:27"]
[TimeControl "180+0"]

1. e4 e5 2. f4 exf4 3. Nf3 d5 4. e5 g5 5. d4 g4 6. Bd3 gxf3 7. Qxf3 Nc6 8.
c3 Be6 9. Bxf4 Nge7 10. Na3 Ng6 11. Bg3 Be7 12. Nc2 Qd7 13. Ne3 O-O-O 14.
O-O-O h5 15. h4 Nxh4 16. Bxh4 Bg4 17. Nxg4 hxg4 18. Qg3 Rdg8 19. Bxe7 Rxh1
20. Rxh1 Nxe7 21. Qf4 Qe6 22. Rh7 Rf8 23. Rh6 Qd7 24. Rf6 Qa4 25. a3 Rh8 26.
Rh6 Rf8 27. Qf6 Nc6 28. Rh8 Rxh8 29. Qxh8+ Kd7 30. Bf5+ Ke7 31. Qf6+ Ke8 32.
Qh8+ Ke7 33. Qh4+ Ke8 34. Bc2 Qb5 35. Qxg4 Qf1+ 36. Bd1 Ne7 37. Qf3 Qe1 38.
Qe2 Qg1 39. g4 b6 40. e6 f6 41. Qf3 c5 42. Qxf6 Qe3+ 43. Kc2 Qe4+ 44. Kc1
{Black forfeits on time}
1-0

[Event "ICC Open 2015"]
[Site "Internet Chess Club"]
[Date "2015.05.29"]
[Round "10"]
[White "franco"]
[Black "jewels2"]
[Result "0-1"]
[ICCResult "White checkmated"]
[WhiteElo "1274"]
[BlackElo "1313"]
[Opening "KGD: Falkbeer, Morphy gambit"]
[ECO "C32"]
[NIC "KG.04"]
[Time "15:52:46"]
[TimeControl "180+0"]

1. e4 e5 2. f4 d5 3. exd5 e4 4. d3 Nf6 5. Nc3 Bb4 6. Bd2 e3 7. Bxe3 O-O 8.
Bd2 Re8+ 9. Be2 Bg4 10. Nf3 Bxc3 11. Bxc3 Nxd5 12. O-O Ne3 13. Qd2 Nxf1 14.
Rxf1 Nc6 15. h3 Bxf3 16. Bxf3 Nd4 17. Bxb7 Ne2+ 18. Kh1 Ng3+ 19. Kh2 Nxf1+
20. Kh1 Nxd2 21. Bxa8 Re1+ 22. Kh2 Nf1+ 23. Kh1 Ng3+ 24. Kh2 Nf1+ 25. Kh1
Rd1 26. Bf3 Qd6 27. g3 Nxg3+ 28. Kg2 Qxf4 29. d4 Rf1 30. Bd5 Qf2#
{White checkmated}
0-1

[Event "ICC Open 2015"]
[Site "Internet Chess Club"]
[Date "2015.05.29"]
[Round "10"]
[White "Tyrel"]
[Black "olimpus"]
[Result "0-1"]
[ICCResult "White checkmated"]
[WhiteElo "2126"]
[BlackElo "2765"]
[Opening "Queen's pawn game"]
[ECO "A45"]
[NIC "QP.07"]
[Time "15:53:27"]
[TimeControl "180+0"]

1. d4 Nf6 2. e3 e6 3. Bd3 b6 4. f4 Bb7 5. Nf3 d5 6. Nbd2 Be7 7. Qe2 O-O 8.
O-O Ne4 9. Ne5 Nd7 10. Qg4 f5 11. Qh3 c5 12. c3 Nxe5 13. fxe5 a5 14. Nf3 Ba6
15. Bxa6 Rxa6 16. Bd2 b5 17. Rad1 b4 18. Be1 Qb6 19. g4 bxc3 20. Bxc3 f4 21.
exf4 Rxf4 22. g5 Ra8 23. Kh1 Raf8 24. dxc5 Bxc5 25. Rd3 R8f5 26. g6 hxg6 27.
Qg2 g5 28. Be1 g4 29. Nd2 Rxf1+ 30. Nxf1 Nf2+ 31. Bxf2 Rxf2 32. Qg1 Qb5 33.
Rd1 Qe2 34. Rd2 Qf3+ 35. Qg2 Rxf1# {White checkmated} 0-1

[Event "ICC Open 2015"]
[Site "Internet Chess Club"]
[Date "2015.05.29"]
[Round "10"]
[White "saya"]
[Black "magnuswizard"]
[Result "0-1"]
[ICCResult "White forfeits on time"]
[WhiteElo "2565"]
[BlackElo "2080"]
[Opening "Queen's Indian: 4.e3"]
[ECO "E14"]
[NIC "QI.03"]
[Time "15:51:26"]
[TimeControl "180+0"]

1. d4 Nf6 2. Nf3 e6 3. e3 b6 4. c4 Bb7 5. Nc3 Bb4 6. Bd3 Ne4 7. O-O Bxc3 8.
bxc3 O-O 9. Qc2 f5 10. Ne1 d6 11. f3 Nf6 12. a4 a5 13. Rb1 Bc6 14. Bd2 Qe8
15. Ra1 g6 16. e4 Nbd7 17. Bg5 Bb7 18. Rb1 Rb8 19. Qe2 Nh5 20. Nc2 e5 21.
Na3 Bc6 22. Nb5 Bxb5 23. Rxb5 Nf4 24. Bxf4 exf4 25. exf5 Qxe2 26. Bxe2 c6
27. Rb2 Rxf5 28. Bd3 Rff8 29. Re1 Rbe8 30. Re4 d5 31. cxd5 cxd5 32. Rxe8
Rxe8 33. Bb5 Re7 34. Bxd7 Rxd7 35. Rxb6 Kf7 36. Rb5 Rc7 37. Rxd5 Rxc3 38.
Rxa5 Rc4 39. Ra7+ Kf6 40. Rxh7 Rxd4 41. Ra7 Rd2 42. h4 Ra2 43. Kh2 Kf5 44.
Kh3 Ra1 45. Ra5+ Kf6 46. Kg4 Rg1 47. Ra6+ Kg7 48. Kxf4 Rxg2 49. a5 Kh6 50.
Re6 Ra2 51. Kg3 Ra4 52. h5 Kxh5 53. Re4 Rxa5 {White forfeits on time} 0-1

[Event "ICC Open 2015"]
[Site "Internet Chess Club"]
[Date "2015.05.29"]
[Round "10"]
[White "lemanofzorn"]
[Black "Palenque"]
[Result "0-1"]
[ICCResult "White checkmated"]
[WhiteElo "1475"]
[BlackElo "1670"]
[Opening "Queen's gambit accepted"]
[ECO "D20"]
[NIC "QG.03"]
[Time "15:51:51"]
[TimeControl "180+0"]

1. d4 d5 2. c4 dxc4 3. Nc3 Nf6 4. Bg5 e6 5. Bxf6 Qxf6 6. e3 c5 7. Bxc4 cxd4
8. Bb5+ Bd7 9. Bxd7+ Nxd7 10. exd4 Be7 11. Nf3 O-O 12. O-O Rfd8 13. Qb3 Nb6
14. Rad1 Rac8 15. Nb5 Ra8 16. Nxa7 Rxa7 17. Qxb6 Rxa2 18. Qxb7 Raa8 19. Ne5
Bd6 20. Nd7 Qe7 21. b4 Qxd7 22. Qb6 Rab8 23. Qa5 Bxb4 24. Qa2 Bd6 25. Ra1
Qc7 26. Qe2 Bxh2+ 27. Kh1 Bd6 28. Rfc1 Qe7 29. Qf3 Qh4+ 30. Kg1 Qh2+ 31. Kf1
Qh1+ 32. Ke2 Rb2+ 33. Kd3 Qh6 34. Rc2 Qg6+ 35. Qe4 Qxe4+ 36. Kxe4 Rxc2 37.
Kd3 Rxf2 38. Ke3 Rxg2 39. Kf3 Rg6 40. Ke4 h5 41. d5 exd5+ 42. Kxd5 Be7+ 43.
Ke5 Bf6+ 44. Kf5 Bxa1 45. Kf4 Rd5 46. Ke4 Re5+ 47. Kf4 Rf6+ 48. Kg3 h4+ 49.
Kg4 Bd4 50. Kh3 Be3 51. Kg2 Rg5+ 52. Kh3 Rf4 53. Kh2 Rf2+ 54. Kh3 Rf3+ 55.
Kh2 h3 56. Kh1 Rg1+ 57. Kh2 Rf6 58. Kxh3 Rh6# {White checkmated} 0-1